 Dungeon Sprint DCSS version 0.21.1-1-g345015f (webtiles) character file.

110 sankara the Chucker (level 4, 18/48 HPs)
             Began as a Troll Hunter on Apr 3, 2018.
             Got out of the dungeon alive.
             The game lasted 00:00:50 (39 turns).

sankara the Chucker (Troll Hunter)                    Turns: 39, Time: 00:00:51

Health: 18/48      AC:  5    Str: 21    XL:     4   Next: 61%
Magic:  3/3        EV: 11    Int:  7    God:
Gold:   0          SH:  0    Dex: 10    Spells: 3/3 levels left

rFire    . . .     SeeInvis .   (no weapon)
rCold    . . .     Gourm    +   (no shield)
rNeg     . . .     Faith    .   b - +0 robe
rPois    .         Spirit   .   (helmet restricted)
rElec    .         Reflect  .   (no cloak)
rCorr    .         Harm     .   (gloves unavailable)
MR       .....     NoTele   +   (boots unavailable)
Stlth    +.........             (no amulet)
HPRegen  0.56/turn              (no ring)
MPRegen  0.08/turn              (no ring)

@: no status effects
A: large, unfitting armour, claws 3, fast metabolism 3, gourmand, regeneration
1, shaggy fur 1, tough skin 2
a: no special abilities


You escaped.
You were full.

You visited 1 branch

Inventory:

Hand Weapons
 a - a +0 short sword
 l - a +0 club
   (You took it off Ijyb in the Dungeon)
 n - a +0 giant club
   (You took it off an ogre in the Dungeon)
Missiles
 c - 4 large rocks (quivered) {!d}
 d - 2 throwing nets {=f, !d}
Armour
 b - a +0 robe (worn)
Scrolls
 k - a scroll of blinking {!r}
Potions
 e - a potion of curing
 g - a potion of heal wounds
 h - a potion of haste
 i - 2 potions of magic
 j - a potion of berserk rage {!q}
Comestibles
 f - 2 rations


   Skills:
 + Level 4.1 Fighting
 * Level 7.0 Throwing
 + Level 4.1 Dodging
 - Level 0.3 Stealth


You had 3 spell levels left.
You didn't know any spells.

Dungeon Overview and Level Annotations

Branches:
Dungeon (1/1)

Altars:


Innate Abilities, Weirdness & Mutations

You are too large for most types of armour.
You have claws for hands.
Your metabolism is lightning-fast.
You like to eat raw meat.
Your natural rate of healing is unusually fast.
You are covered in fur. (AC +1)
You have very tough skin. (AC +2)


Message History

Really attack barehanded? [Y]es or [N]o only, please.
Really attack barehanded? [Y]es or [N]o only, please.
Really attack barehanded?
You claw Ijyb!
Ijyb is moderately wounded.
Ijyb barely misses you.
You scratch Ijyb.
Ijyb is moderately wounded.
Ijyb hits you with a club.
You scratch Ijyb.
Ijyb is heavily wounded.
You closely miss Ijyb.
Ijyb is heavily wounded.
Ijyb closely misses you.
You scratch Ijyb.
Ijyb is severely wounded.
Ijyb completely misses you.
You barely miss Ijyb.
Ijyb is severely wounded.
Ijyb hits you with a club.
You scratch Ijyb but do no damage.
Ijyb is severely wounded.
Ijyb hits you with a club.
You closely miss Ijyb.
Ijyb is severely wounded.
Ijyb hits you with a club.
You scratch Ijyb but do no damage.
Ijyb is severely wounded.
Ijyb hits you but does no damage.
You scratch Ijyb.
Ijyb is almost dead.
Ijyb misses you.
You scratch Ijyb but do no damage.
Ijyb is almost dead.
Ijyb hits you but does no damage.
You scratch Ijyb.
You kill Ijyb!
Your Fighting skill increases to level 2!
Your Throwing skill gained 2 levels and is now at level 5!
Your Dodging skill increases to level 2!
You have reached level 2!
l - a club
Things that are here:
a ring mail; the goblin corpse of Ijyb You butcher the goblin corpse of Ijyb.
m - 3 chunks of flesh {@w0}
Things that are here:
a ring mail; the goblin skeleton of Ijyb You open the door.
An ogre comes into view. It is wielding a giant club.
The ogre shouts!
You claw the ogre!
The ogre is moderately wounded.
The ogre barely misses you.
You scratch the ogre but do no damage.
The ogre is moderately wounded.
You scratch the ogre.
The ogre is moderately wounded.
The ogre hits you with a giant club!!
Ouch! That really hurt!
* * * LOW HITPOINT WARNING * * *
You are too injured to fight recklessly!
Things that are here:
a ring mail; the goblin skeleton of Ijyb Throwing (i - inventory. (,) - cycle):
c - 5 large rocks (quivered)
{!d}
Press: ? - help, Shift-Dir - straight line, f - ogre
Aim: an ogre, wielding a giant club (moderately wounded)
You throw a large rock {!d}. The large rock {!d} hits the ogre!
The ogre is severely wounded.
The ogre barely misses you.
Throwing (i - inventory. (,) - cycle):
c - 4 large rocks (quivered)
{!d}
Press: ? - help, Shift-Dir - straight line, f/p - ogre
Aim: an ogre, wielding a giant club (severely wounded)
You throw a large rock {!d}. The large rock {!d} hits the ogre!
You kill the ogre!
Your Fighting skill gained 2 levels and is now at level 4!
Your Throwing skill gained 2 levels and is now at level 7!
Your Dodging skill gained 2 levels and is now at level 4!
You have reached level 3!
Your experience leads to an increase in your attributes!
Increase (S)trength, (I)ntelligence, or (D)exterity?
You feel stronger. x2
You have reached level 4!
c - 4 large rocks {!d} (gained 1);
n - a giant club Eating one of 3 chunks of flesh {@w0}.
You eat one of the 3 chunks of flesh {@w0}.
This raw flesh tastes great.
Eating one of 2 chunks of flesh {@w0}.
You eat one of the 2 chunks of flesh {@w0}.
This raw flesh tastes great.
Eating a chunk of flesh {@w0}.
You eat the chunk of flesh {@w0}.
This raw flesh tastes great.
Things that are here:
a ring mail; the goblin skeleton of Ijyb
There is an open door here.
There is a staircase leading out of the dungeon here.
Are you sure you want to leave the Dungeon?
This will make you lose the game!
You have escaped!

##########
#@.#..'..#
#..'[.#..+
#..#### +#
#..# #..#
#..# #⌠⌠#
####


There were no monsters in sight!

Vanquished Creatures
  An ogre (D)
  Ijyb (D)
2 creatures vanquished.

Notes
Turn   | Place    | Note
-------+----------+-------------------------------------------
     0 | D        | sankara the Troll Hunter began the quest for the Orb.
     0 | D        | Reached XP level 1. HP: 19/19 MP: 0/0
     1 | D        | Noticed Ijyb
    15 | D        | Killed Ijyb
    15 | D        | Reached skill level 2 in Fighting
    15 | D        | Reached skill level 5 in Throwing
    15 | D        | Reached skill level 2 in Dodging
    15 | D        | Reached XP level 2. HP: 26/29 MP: 1/1
    21 | D        | Noticed an ogre
    25 | D        | HP: 6/29 [ogre/giant club (23)]
    28 | D        | Killed an ogre
    28 | D        | Reached skill level 4 in Fighting
    28 | D        | Reached skill level 7 in Throwing
    28 | D        | Reached skill level 4 in Dodging
    28 | D        | Reached XP level 3. HP: 10/39 MP: 2/2
    28 | D        | Reached XP level 4. HP: 12/48 MP: 3/3
    39 | D        | Got out of the dungeon alive.

Skill      XL: |  1  2 |
---------------+-------+-----
Fighting       | 2 4 |  4.1
Throwing       | 5 7 |  7.0
Dodging        | 2 4 |  4.1
Stealth        | |  0.3

Action                   |  1- 3 |  4- 6 || total
-------------------------+-------+-------++-------
Melee: Unarmed           |    15 |       ||    15
Throw: Large rock        |     2 |       ||     2
  Eat: Chunk             |       |     3 ||     3
Armor: Robe              |     1 |       ||     1
Dodge: Dodged            |     6 |       ||     6

Vault maps used:
D:        dungeon_sprint_1

Table legend:
 A = Turns spent in this place as a percentage of turns spent in the entire game.
 B = Non-inter-level travel turns spent in this place as a percentage of non-inter-level travel turns spent in the entire game.
 C = Inter-level travel turns spent in this place as a percentage of turns spent in this place.
 D = Turns resting spent in this place as a percentage of non-inter-level travel turns spent in this place.
 E = Turns spent auto-exploring this place as a percentage of non-inter-level travel turns spent in this place.
 F = Non-inter-level travel turns spent in this place divided by the number of levels of this place that you've seen.
                   A       B       C       D       E      F
               +-------+-------+-------+-------+-------+----------------------
         Total | 100.0 | 100.0 |  17.9 |   0.0 |   0.0 |  32.0
       Dungeon | 100.0 | 100.0 |  17.9 |   0.0 |   0.0 |  32.0
               +-------+-------+-------+-------+-------+----------------------

Table legend:
 A = Kills in this place as a percentage of kills in entire the game.
 B = Kills by you in this place as a percentage of kills by you in the entire game.
 C = Kills by friends in this place as a percentage of kills by friends in the entire game.
 D = Other kills in this place as a percentage of other kills in the entire game.
 E = Experience gained in this place as a percentage of experience gained in the entire game.
 F = Experience gained in this place divided by the number of levels of this place that you have seen.
                   A       B       C       D       E      F
               +-------+-------+-------+-------+-------+----------------------
         Total | 100.0 | 100.0 |   N/A |   N/A | 100.0 | 158.0
       Dungeon | 100.0 | 100.0 |   N/A |   N/A | 100.0 | 158.0
               +-------+-------+-------+-------+-------+----------------------
